 Dungeon Crawl Stone Soup version 0.30.1-11-g7821555f0a (webtiles) character file.

Game seed: 2424315277754716266

15575 lonewolfV2 the Blocker (level 12, -16/110 HPs)
             Began as a Minotaur Fighter on Nov 14, 2023.
             Was a Follower of the Shining One.
             Demolished by Frances
             ... wielding a +0 battleaxe
              (26 damage)
             ... on level 12 of the Dungeon.
             The game lasted 00:17:09 (9559 turns).

lonewolfV2 the Blocker (Minotaur Fighter)           Turns: 9559, Time: 00:17:10

Health: -16/110    AC: 16    Str: 34    XL:     12   Next: 2%
Magic:  16/16      EV:  8    Int:  5    God:    the Shining One [*.....]
Gold:   753        SH:  7    Dex: 14    Spells: 11/11 levels left

rFire   . . .        a - +0 war axe
rCold   . . .        c - +0 buckler
rNeg    . . .        m - +0 plate armour
rPois   .            (helmet restricted)
rElec   .            (no cloak)
rCorr   .            q - +0 pair of gloves
SInv    .            (no boots)
Will    .....        e - amulet of regeneration Stlth
                     h - +6 ring of strength
HPRegen 1.18/turn    r - +6 ring of strength
MPRegen 0.15/turn

%: no passive effects
@: glowing
A: horns 2, retaliatory headbutt
a: Renounce Religion, Divine Shield


You were on level 12 of the Dungeon.
You worshipped the Shining One.
The Shining One was aware of your devotion.
You visited 2 branches of the dungeon, and saw 13 of its levels.

You collected 753 gold pieces.

Inventory:

Hand Weapons
 a - a +0 war axe (weapon)
 k - a +4 mace of draining
Armour
 b - a +0 scale mail
 c - a +0 buckler (worn)
 m - a +0 plate armour (worn)
 q - a +0 pair of gloves (worn)
Jewellery
 e - an amulet of regeneration (around neck)
 g - a ring of fire
 h - a +6 ring of strength (left hand)
 r - a +6 ring of strength (right hand)
 C - an amulet of faith
Wands
 t - a wand of flame (8)
 u - a wand of iceblast (4)
 y - a wand of light (5)
 I - a wand of mindburst (6)
Scrolls
 n - 2 scrolls of amnesia
 o - a scroll of brand weapon {unknown}
 p - 9 scrolls of teleportation
 w - a scroll of fog
 F - a scroll of blinking
 H - a scroll of enchant armour {unknown}
Potions
 d - 2 potions of attraction
 f - 3 potions of haste
 i - 3 potions of flight
 j - 2 potions of brilliance
 l - 2 potions of heal wounds
 s - a potion of degeneration {unknown}
 v - a potion of lignification {unknown}
 x - 2 potions of might
 z - 5 potions of curing
 A - 4 potions of mutation
 B - 2 potions of cancellation {unknown}
 D - a potion of berserk rage
 G - a potion of magic {unknown}
Miscellaneous
 E - a lightning rod (2/4)


   Skills:
 - Level 11.0 Fighting
 - Level 8.6(10.8) Axes
 - Level 10.3(11.6) Maces & Flails
 - Level 10.4 Armour
 - Level 11.2 Shields
 * Level 7.2 Invocations


You had 11 spell levels left.
You didn't know any spells.
Your spell library contained the following spells:

 Spells                   Type           Power      Damage    Failure   Level
 Apportation              Tloc           0%         N/A       97%         1
 Beastly Appendage        Tmut           0%         N/A       97%         1
 Foxfire                  Conj/Fire      0%         2x1d4     97%         1
 Cigotuvi's Dreadful Rot  Necr/Pois/Air  0%         N/A       99%         2
 Lesser Beckoning         Tloc           0%         N/A       99%         2
 Sublimation of Blood     Necr           0%         N/A       99%         2
 Wereblood                Tmut           0%         N/A       99%         2
 Gell's Gravitas          Tloc           0%         N/A       100%        3
 Ignite Poison            Fire/Tmut/Pois 0%         N/A       100%        3
 Ozocubu's Armour         Ice            0%         N/A       100%        3
 Spider Form              Tmut/Pois      0%         N/A       100%        3
 Teleport Other           Tloc           0%         N/A       100%        3
 Petrify                  Tmut/Erth      0%         N/A       100%        4
 Alistair's Intoxication  Tmut/Pois      0%         N/A       100%        5
 Fireball                 Conj/Fire      0%         3d3       100%        5
 Freezing Cloud           Conj/Ice/Air   0%         6-21      100%        5
 Irradiate                Conj/Tmut      0%         3d11      100%        5
 Metabolic Englaciation   Hex/Ice        0%         N/A       100%        5
 Plasma Beam              Fire/Air       0%         2x1d11    100%        6
 Simulacrum               Ice/Necr       0%         N/A       100%        6
 Starburst                Conj/Fire      0%         6d3       100%        6


Dungeon Overview and Level Annotations

Branches:
Dungeon (12/15)            Temple (1/1) D:6            Lair (0/5) D:11
    Orc (0/2) D:9

Altars:
Ashenzari
Cheibriados
Dithmenos
Elyvilon
Fedhas
Gozag
Hepliaklqana
Kikubaaqudgha
Makhleb
Nemelex Xobeh
Okawaru
Qazlal
Ru
Sif Muna
Trog
Uskayaw
Vehumet
Wu Jian
Xom
Yredelemnul
Zin
The Shining One

Annotations:
D:3 1 runed translucent door, Crazy Yiuf
D:12 Frances


Innate Abilities, Weirdness & Mutations

You have a pair of horns on your head.
You reflexively headbutt those who attack you in melee.


Message History

Frances says, "I value strength and power.
I see none of this in you." Frances hits you with a +0 battleaxe!
Frances hits you with a +0 battleaxe.
You barely miss Frances. You headbutt Frances!
Frances is moderately wounded.
Frances hits you with a +0 battleaxe!
You hit Frances but do no damage.
Frances is moderately wounded.
Frances says, "Show me proof of your conquests, and I will call you a great adventurer."
Frances screams a word of power!
Frances hits you with a +0 battleaxe!
You barely miss Frances. You headbutt Frances.
Frances is moderately wounded.
Frances hits you with a +0 battleaxe!!
You slash Frances!
Frances is heavily wounded.
You block Frances's attack. Frances hits you but does no damage.
You feel much better. You block Frances's attack.
Aiming: Thunderbolt
Press: ? - help, Q - select action, (/) - cycle Shift-Dir - straight line, f - Frances
Aim: Frances, wielding a +0 battleaxe and wearing a +0 chain mail (heavily wounded, fast, haloed)
The thunderbolt hits Frances!
Frances is heavily wounded.
The thunderbolt hits the chaos spawn!!
The chaos spawn is almost dead.
Frances hits you with a +0 battleaxe!! x2
* * * LOW HITPOINT WARNING * * *
Aiming: Thunderbolt
Press: ? - help, Q - select action, (/) - cycle Shift-Dir - straight line, f/p - Frances
Aim: Frances, wielding a +0 battleaxe and wearing a +0 chain mail (heavily wounded, fast, haloed)
The thunderbolt hits Frances!!
Frances is severely wounded.
The thunderbolt hits the chaos spawn!!
You kill the chaos spawn!
The chaos spawn degenerates into a cloud of primal chaos!
Frances hits you with a +0 battleaxe!
* * * LOW HITPOINT WARNING * * *
You feel much better. Frances hits you with a +0 battleaxe!!
* * * LOW HITPOINT WARNING * * *
Frances hits you with a +0 battleaxe!!
You die...

### . #.# .## ##.# ..#
#..# #.# #.## #.#
######'## ## #.# #........
># ######'### #........ .#
#........##### #........
.# #.......>@@ยง.#
#........ .#
#........###....##..).....
.### #........#
#..#........
...#####........#
+........
.#.....'........#
#........
########........#
#........ #........#
#........ #####'####
######### #....# ###


You could see Frances (fast).

Vanquished Creatures
  Gastronok (D:12)
  A centaur warrior (D:11)
  3 skeletal warriors (D:12)
  A deep elf pyromancer (D:12)
  Pikel (D:7)
  An ugly thing (D:12)
  2 manticores (D:12)
  A cyclops (D:11)
  Maggie (D:6)
  6 kobold demonologists
  4 trolls
  A hornet (D:8)
  Prince Ribbit (D:7)
  2 slime creatures (D:7)
  Sigmund (D:6)
  2 shadows
  A vampire (D:12)
  6 yaks
  Eustachio (D:6)
  A steam dragon (D:7)
  Edmund (D:6)
  2 acid dragons
  A water moccasin (D:6)
  4 orc warriors
  3 black bears
  A sky beast (D:8)
  5 ogres
  A phantom (D:5)
  2 centaurs (D:6)
  2 bullfrogs
  5 kobold brigands
  A gnoll sergeant (D:9)
  A scorpion (D:6)
  8 wights (D:8)
  18 killer bees
  9 howler monkeys
  2 jellies (D:7)
  2 hounds (D:5)
  4 orc priests
  4 iguanas
  A sleepcap (D:4)
  8 orc wizards
  Natasha (D:3)
  4 gnolls (D:9)
  5 adders
  A shadow imp (D:7)
  A white imp (D:7)
  2 worms
  3 dart slugs
  37 orcs
  8 ball pythons
  8 bats
  8 endoplasms
  2 giant cockroaches (D:1)
  13 goblins
  3 hobgoblins
  4 jackals (D:1)
  2 quokkas
  2 frilled lizards (D:2)
  24 kobolds
  4 rats (D:1)
255 creatures vanquished.

Vanquished Creatures (others)
  An orc wizard (D:3)
  An orc (D:7)
2 creatures vanquished.

Grand Total: 257 creatures vanquished

Notes
Turn   | Place    | Note
-------+----------+-------------------------------------------
     0 | D:1      | lonewolfV2 the Minotaur Fighter began the quest for the
                  | Orb.
     0 | D:1      | Reached XP level 1. HP: 19/19 MP: 0/0
   116 | D:1      | Reached XP level 2. HP: 26/27 MP: 1/1
   377 | D:1      | Reached XP level 3. HP: 31/34 MP: 2/2
  1416 | D:3      | Reached XP level 4. HP: 38/41 MP: 3/3
  1545 | D:3      | Found a runed translucent door.
  1546 | D:3      | Noticed Crazy Yiuf
  1726 | D:3      | Reached skill level 5 in Fighting
  1726 | D:3      | Reached skill level 5 in Shields
  1747 | D:3      | Reached XP level 5. HP: 23/49 MP: 4/4
  1845 | D:3      | Noticed Natasha
  1848 | D:3      | Killed Natasha
  1995 | D:4      | Noticed a black bear
  2003 | D:4      | Killed a black bear
  2004 | D:4      | Reached XP level 6. HP: 48/57 MP: 5/5
  2660 | D:5      | Entered Level 5 of the Dungeon
  2660 | D:5      | Found a hazy altar of Hepliaklqana.
  2660 | D:5      | Found a basalt altar of Yredelemnul.
  2783 | D:5      | Reached XP level 7. HP: 66/66 MP: 6/6
  2919 | D:5      | You fall into a shaft and drop 2 floors!
  2933 | D:7      | Noticed Pikel
  2941 | D:7      | Killed Pikel
  2942 | D:7      | Reached XP level 8. HP: 12/77 MP: 7/7
  3056 | D:7      | Noticed Prince Ribbit
  3063 | D:7      | Reached skill level 1 in Maces & Flails
  3072 | D:7      | Killed Prince Ribbit
  3137 | D:7      | Reached skill level 5 in Armour
  3186 | D:5      | Reached skill level 5 in Maces & Flails
  3619 | D:6      | Noticed Edmund
  3627 | D:6      | Killed Edmund
  3663 | D:6      | Noticed Maggie
  3665 | D:6      | Reached XP level 9. HP: 83/83 MP: 8/8
  3674 | D:6      | Killed Maggie
  3735 | D:6      | Noticed Sigmund
  3741 | D:6      | Killed Sigmund
  3780 | D:6      | Noticed Eustachio
  3790 | D:6      | Killed Eustachio
  3929 | D:6      | Found an ancient bone altar of Kikubaaqudgha.
  4118 | D:6      | Found a staircase to the Ecumenical Temple.
  4128 | Temple   | Entered the Ecumenical Temple
  4616 | D:7      | Killed a large slime creature
  4684 | D:7      | Reached skill level 10 in Maces & Flails
  4843 | D:7      | Found a shadowy altar of Dithmenos.
  4844 | D:7      | Found an ornate altar of the Wu Jian Council.
  5073 | D:7      | Found an iron altar of Okawaru.
  5073 | D:7      | Found a burning altar of Makhleb.
  5399 | D:8      | Reached XP level 10. HP: 86/91 MP: 9/9
  5788 | D:8      | Reached skill level 10 in Fighting
  6274 | D:9      | Found a staircase to the Orcish Mines.
  6339 | D:9      | Reached skill level 10 in Armour
  7102 | D:10     | Entered Level 10 of the Dungeon
  7161 | D:10     | Reached skill level 10 in Shields
  7176 | D:10     | Found a glowing golden altar of the Shining One.
  7191 | D:10     | Noticed a smoke demon
  7224 | D:10     | Reached XP level 11. HP: 76/102 MP: 10/10
  7296 | D:10     | Became a worshipper of the Shining One
  8012 | D:11     | Reached skill level 5 in Axes
  8096 | D:11     | Noticed a centaur warrior
  8111 | D:11     | Killed a centaur warrior
  8815 | D:11     | Found a staircase to the Lair.
  9007 | D:12     | Noticed a green ugly thing
  9007 | D:12     | Noticed a deep elf pyromancer
  9017 | D:12     | Killed a green ugly thing
  9018 | D:12     | Reached skill level 1 in Invocations
  9043 | D:12     | Killed a deep elf pyromancer
  9145 | D:12     | Reached * piety under the Shining One
  9203 | D:12     | Noticed Gastronok
  9221 | D:12     | Killed Gastronok
  9222 | D:12     | Reached skill level 5 in Invocations
  9321 | D:12     | Noticed a skeletal warrior
  9321 | D:12     | Noticed a skeletal warrior
  9330 | D:12     | Killed a skeletal warrior
  9332 | D:12     | Killed a skeletal warrior
  9334 | D:12     | Noticed a skeletal warrior
  9346 | D:12     | Killed a skeletal warrior
  9347 | D:12     | Reached XP level 12. HP: 42/110 MP: 16/16
  9548 | D:12     | Noticed Frances
  9559 | D:12     | Demolished by Frances

Illustrated notes

Levels and vault maps discovered:
D:1:      minmay_arrival_plants_in_alcoves, layout_basic, kennysheep_minor_cross
D:2:      layout_basic, serial_glass, glass_columns_c, glass_columns_a
D:3:      layout_basic, corexii_leaking_fountain, uniq_crazy_yiuf_cottage,
          uniq_natasha, uniq_grinder
D:4:      layout_basic, nicolae_titane
D:5:      layout_loops_ring, mainiacjoe_overflow_divided_tiny
D:6:      layout_loops_ring, kiku_gazebo_pond_becter, minmay_temple_entry_glass,
          kennysheep_generic_room_12, uniq_edmund, uniq_eustachio, uniq_sigmund,
          uniq_maggie
D:7:      layout_loops_ring, nicolae_overflow_hidden_temple,
          corexii_item_surrounded_by_moat, grunt_decor_resistance, uniq_pikel,
          uniq_prince_ribbit1
D:8:      layout_basic, serial_corexii_hall, corexii_hall_statues_l,
          corexii_hall_statues_l, minmay_misc_feat_chi,
          hangedman_abyss_or_decor_passed, chequers_garden,
          chequers_hall_statues_y
D:9:      layout_loops_ring, erik_orc_3
D:10:     layout_gridville, mainiacjoe_overflow_brackets, serial_bayou_pond_a,
          minmay_stone_trees_small, kennysheep_nondescript
D:11:     layout_basic, lair_entry_dummy
D:12:     layout_roguey, uniq_frances, uniq_gastronok
Temple:   eino_temple_lava

Skill      XL: |  1  2  3  4  5  6  7  8  9 10 11 |
---------------+----------------------------------+-----
Fighting       | 4 5 6 7 8 9 11 | 11.0
Shields        | 4 5 6 7 8 9 11 | 11.2
Maces & Flails | 6 10 | 10.3
Armour         | 5 8 10 | 10.4
Axes           | 8 |  8.6
Invocations    | 7 |  7.2

Action                     |  1- 3 |  4- 6 |  7- 9 | 10-12 || total
---------------------------+-------+-------+-------+-------++-------
  Melee: War axe           |    41 |       |       |   134 ||   175
         Mace              |    35 |    63 |   169 |   230 ||   497
         Headbutt          |     8 |     9 |    32 |    84 ||   133
  Evoke: Wand              |       |       |     4 |       ||     4
         Lightning rod     |       |       |       |     2 ||     2
    Use: Scroll            |     6 |     5 |     4 |     4 ||    19
         Potion            |       |     2 |     2 |     6 ||    10
 Armour: Scale mail        |    51 |       |       |       ||    51
         Plate armour      |     4 |    41 |    93 |   249 ||   387
  Dodge: Dodged            |    44 |    16 |    57 |   147 ||   264
  Block: Buckler           |    19 |    13 |    51 |   150 ||   233
